 Dungeon Crawl Stone Soup version 0.27-a0-1149-g4505690ab0 (webtiles) character file.

Game seed: 5163558926875340266

3538 scionoferis the Magician (level 10, -9/60 HPs)
             Began as a Djinni Hedge Wizard on May 13, 2021.
             Was a Follower of Elyvilon.
             Killed by divine providence
             ... invoked by an orc priest
              (12 damage)
             ... on level 8 of the Dungeon.
             The game lasted 00:53:15 (12214 turns).

scionoferis the Magician (Djinni Hedge Wizard)     Turns: 12214, Time: 00:53:16

Health: -9/60      AC:  5    Str:  9    XL:     10   Next: 29%
Gold:   405        EV: 14    Int: 25    God:    Elyvilon [*.....] SH:  0 Dex: 13

rFire    + + +     SeeInvis .   a - +10 spear "Hellblazer" {flame, rF+ Will+}
rCold    + . .     Faith    .   (no shield)
rNeg     . . .     Spirit   .   q - +1 robe {rC+ rF+}
rPois    ∞         Reflect  .   o - +0 helmet
rElec    .         Harm     .   r - +0 cloak
rCorr    .         Rampage  .   (no gloves)
Will     ++...                  (boots unavailable)
Stlth    ++........             (no amulet)
HPRegen  0.20/turn              Q - +6 ring of intelligence
MPRegen  0.00/turn              m - ring of ice

@: flying
A: sickness immunity, fire resistance 2, cold vulnerability 1, float, innate
caster, hp casting, extra vitality 1
a: Renounce Religion, Lesser Healing, Divine Protection


You were on level 8 of the Dungeon.
You worshipped Elyvilon.
Elyvilon was aware of your devotion.
You visited 2 branches of the dungeon, and saw 9 of its levels.
You also visited: Sewer.

You collected 405 gold pieces.

Inventory:

Hand Weapons
 a - the +10 spear "Hellblazer" (weapon) {flame, rF+ Will+}
   (You found it on level 5 of the Dungeon)

   It has been specially enchanted to burn those struck by it, causing extra
   injury to most foes and up to half again as much damage against particularly
   susceptible opponents.
   It protects you from fire.
   It increases your willpower.
 b - a +0 hunting sling
 n - a +0 spectral club
 z - a +2 war axe of freezing
 C - a +0 dagger of venom
 H - a +0 hand crossbow
 O - a +0 shortbow
Missiles
 g - 223 stones (quivered)
 u - 81 arrows
 v - 102 bolts
 B - 15 sling bullets
 I - a curare-tipped dart
 J - 29 poisoned darts
 N - 2 silver javelins
Armour
 d - a +2 chain mail of willpower
 o - a +0 helmet (worn)
 q - a +1 robe of resistance (worn)
 r - a +0 cloak (worn)
Magical Staves
 t - a staff of earth
 x - a staff of fire
Jewellery
 m - a ring of ice (right hand)
 Q - a +6 ring of intelligence (left hand)
Wands
 h - a wand of digging (2)
 l - a wand of flame (15)
 y - a wand of acid (2)
Scrolls
 c - 2 scrolls of enchant armour {unknown}
 e - 3 scrolls of teleportation
 f - 2 scrolls of magic mapping {unknown}
 i - 2 scrolls of enchant weapon {unknown}
 p - a scroll of summoning {unknown}
 s - a scroll of identify {unknown}
 D - a scroll of fear {unknown}
 G - a scroll of fog {unknown}
 L - a scroll of brand weapon {unknown}
 T - a scroll of acquirement {unknown}
Potions
 j - 4 potions of invisibility {unknown}
 k - a potion of degeneration {unknown}
 w - 7 potions of flight {unknown}
 A - a potion of attraction {unknown}
 E - 3 potions of curing
 F - a potion of mutation {unknown}
 K - 2 potions of brilliance {unknown}
 M - a potion of resistance {unknown}
 P - a potion of ambrosia {unknown}
 R - a potion of haste {unknown}
 S - 2 potions of cancellation {unknown}


   Skills:
 - Level 2.4 Short Blades
 * Level 4.0 Polearms
 + Level 5.2 Armour
 + Level 6.6 Dodging
 - Level 4.0 Stealth
 * Level 6.6 Spellcasting
 + Level 4.1 Invocations


You couldn't memorise any spells.
You knew the following spells:

 Your Spells              Type           Power      Damage    Failure   Level
a - Magic Dart            Conj           100%       1d8       1%          1
b - Blink                 Tloc           N/A        N/A       1%          2
c - Call Imp              Summ           41%        N/A       1%          2
d - Slow                  Hex            41%        N/A       1%          2
e - Conjure Flame         Conj/Fire      41%        6-21      1%          3
f - Mephitic Cloud        Conj/Pois/Air  41%        N/A       1%          3
g - Animate Skeleton      Necr           82%        N/A       1%          1
h - Poisonous Vapours     Pois/Air       82%        N/A       1%          2
i - Gell's Gravitas       Tloc           20%        N/A       1%          3
j - Lesser Beckoning      Tloc           20%        N/A       1%          3
Your spell library was empty.

Dungeon Overview and Level Annotations

Branches:
Dungeon (8/15)             Temple (1/1) D:5            Lair (0/6) D:8
  Sewer (visited)

Altars:
Ashenzari
Cheibriados
Elyvilon
Fedhas
Gozag
Hepliaklqana
Kikubaaqudgha
Makhleb
Nemelex Xobeh
Okawaru
Ru
Sif Muna
Trog
Uskayaw
Vehumet
Wu Jian
Xom
Yredelemnul
Zin
The Shining One

Shops:
D:1 =


Innate Abilities, Weirdness & Mutations

You are immune to sickness and miasma.
You are immune to poison.
Your flesh is very heat resistant. (rF++)
You are vulnerable to cold. (rC-)
You float through the air rather than walking.
You learn spells naturally, not from books.
Your magical power is your life essence.
You have superior vitality. (+4 HP)


Message History

The orc priest hits you with a +0 club.
A gnoll comes into view. It is wielding a +0 club.
You see here a +0 whip.
You puncture the orc priest! You burn the orc priest.
You kill the orc priest!
You hit the gnoll. You burn the gnoll.
The gnoll is moderately wounded.
The gnoll hits you but does no damage.
You reach to attack!
You hit the gnoll. You burn the gnoll.
The gnoll is almost dead.
The gnoll closely misses you.
You puncture the orc priest! You burn the orc priest.
You kill the orc priest!
The gnoll hits you with a +0 club. The gnoll barely misses you.
Unknown command.
The orc priest casts a cantrip, but nothing happens.
The orc priest looks satisfied for a moment.
The orc priest calls down the wrath of Beogh upon you.
Beogh smites you!
The orc priest shouts!
The steam dragon hisses angrily.
The orc priest mumbles some strange prayers to Beogh against you.
Beogh smites you!
The orc priest hits you with a +0 dagger.
The steam dragon breathes steam at you. The ball of steam hits you. You resist.
The orc priest calls down the wrath of Beogh upon you.
Beogh smites you!
* * * LOW HITPOINT WARNING * * *
The orc priest hits you with a +0 dagger.
* * * LOW HITPOINT WARNING * * *
The orc priest looks encouraged for a moment.
The gnoll hits you but does no damage.
Items here: ))) [ †.
You see here a yak corpse.
The steam dragon breathes steam at you. The ball of steam misses you.
There is a stone staircase leading up here.
The orc priest invokes the aid of Beogh against you.
Beogh smites you!
You die...

####.#.#g..........##
#......
#.#####o.........#
#....[.
####.............#
#......
#......D.......#####.....
#..............#.........
##....#..§........Y..####
####o##§......#....>....
##..§§§.....#.........
#...g@............>..#
#...#.§....#.........#
########.#.#.#..##.###
#######.##### ###


You could see an orc priest and a gnoll.

Vanquished Creatures
  Grinder (Sewer)
  Sigmund (D:2)
  3 yaks
  A steam dragon (D:8)
  A warg (D:8)
  Duvessa (D:6)
  An orc warrior (D:6)
  2 necrophages
  3 sky beasts
  3 ogres
  2 centaurs
  A kobold brigand (Sewer)
  A gnoll sergeant (D:6)
  Dowan (D:6)
  A water moccasin skeleton (D:5)
  3 killer bees
  A wight (Sewer)
  A howler monkey (D:7)
  2 centaur zombies
  A bullfrog zombie (D:5)
  A lava snake (D:7)
  3 centaur skeletons
  A gnoll shaman (D:8)
  7 orc priests
  A hound (D:6)
  A jelly (D:5)
  Crazy Yiuf (D:2)
  A bullfrog skeleton (D:7)
  2 iguanas
  A killer bee zombie (D:7)
  2 howler monkey zombies (D:7)
  Robin (D:2)
  A howler monkey skeleton (D:5)
  8 gnolls
  8 adders
  A river rat (D:6)
  3 shadow imps
  A white imp (D:4)
  5 ufetubi (Sewer)
  An adder zombie (D:1)
  4 worms
  3 dart slugs
  12 orcs
  2 bat zombies
  4 endoplasms
  3 giant cockroaches
  13 hobgoblins
  10 jackals
  2 quokkas
  10 ball pythons
  4 bats
  4 frilled lizards
  12 goblins
  22 kobolds
  A kobold zombie (Sewer)
  9 rats
196 creatures vanquished.

Vanquished Creatures (others)
  A gnoll (D:6)
  2 fungi (D:2)
  A plant (D:1)
4 creatures vanquished.

Grand Total: 200 creatures vanquished

Notes
Turn   | Place    | Note
-------+----------+-------------------------------------------
     0 | D:1      | scionoferis the Djinni Hedge Wizard began the quest for the
                  | Orb.
     0 | D:1      | Reached XP level 1. HP: 15/15 MP: 0/0
   242 | D:1      | Reached XP level 2. HP: 19/21 MP: 0/0
   878 | D:1      | Reached XP level 3. HP: 19/25 MP: 0/0
   878 | D:1      | Learned a level 1 spell: Animate Skeleton
  1706 | D:1      | Found Fodegin's Jewellery Shoppe.
  1859 | D:1      | Found a faded altar of an unknown god.
  2395 | D:2      | Noticed Sigmund
  2440 | D:2      | Reached XP level 4. HP: 25/31 MP: 0/0
  3359 | D:2      | Noticed Robin
  3425 | D:2      | Killed Robin
  3708 | D:2      | Reached skill level 1 in Armour
  3708 | D:2      | Reached XP level 5. HP: 31/35 MP: 0/0
  3708 | D:2      | Learned a level 2 spell: Poisonous Vapours
  3718 | D:2      | Found a runed translucent door.
  3830 | D:2      | Noticed Crazy Yiuf
  3936 | D:2      | Killed Sigmund
  3937 | D:2      | Reached skill level 1 in Short Blades
  3937 | D:2      | Reached XP level 6. HP: 36/40 MP: 0/0
  4329 | D:2      | Killed Crazy Yiuf
  5316 | D:4      | Noticed a necrophage
  5326 | D:4      | Reached XP level 7. HP: 34/45 MP: 0/0
  5326 | D:4      | Learned a level 3 spell: Gell's Gravitas
  7305 | D:5      | Entered Level 5 of the Dungeon
  7505 | D:5      | Reached XP level 8. HP: 32/50 MP: 0/0
  7663 | D:5      | Found a staircase to the Ecumenical Temple.
  7672 | D:5      | Identified the +10 spear "Hellblazer" {flame, rF+ Will+}
  7679 | Temple   | Entered the Ecumenical Temple
  7889 | Temple   | Became a worshipper of Elyvilon the Healer
  8344 | D:6      | Found a hazy altar of Hepliaklqana.
  8399 | D:6      | Noticed Dowan
  8568 | D:6      | Reached skill level 1 in Invocations
  8570 | D:6      | Reached skill level 1 in Polearms
  8713 | D:6      | Found a glowing drain.
  8720 | Sewer    | Entered a sewer
  8936 | Sewer    | Noticed Grinder
  9062 | Sewer    | Reached skill level 5 in Spellcasting
  9119 | Sewer    | Killed Grinder
  9120 | Sewer    | Reached skill level 5 in Dodging
  9173 | Sewer    | Reached XP level 9. HP: 46/55 MP: 0/0
  9173 | Sewer    | Learned a level 3 spell: Lesser Beckoning
  9483 | D:6      | Noticed Duvessa
  9510 | D:6      | Killed Dowan
  9694 | D:6      | Found an ornate altar of the Wu Jian Council.
  9749 | D:6      | Killed Duvessa
  9801 | D:6      | Found a bloodstained altar of Trog.
 10705 | D:7      | Reached * piety under Elyvilon
 11188 | D:8      | Found a staircase to the Lair.
 11469 | D:8      | Reached XP level 10. HP: 24/60 MP: 0/0
 12048 | D:8      | Reached skill level 5 in Armour
 12208 | D:8      | HP: 2/60 [orc priest/+0 dagger (2)]
 12214 | D:8      | Killed from afar by an orc priest

Illustrated notes

Levels and vault maps discovered:
D:1:      saegor_arrival_fortress, layout_basic,
          shapermc_ecumenical_altar_mp_urbaneastern, serial_shops,
          nicolae_shop_statue_plus
D:2:      layout_basic, uniq_robin, uniq_crazy_yiuf_cottage, uniq_sigmund
D:3:      layout_rooms
D:4:      layout_basic
D:5:      layout_rooms, minmay_temple_entry_trees, grunt_ministairs_9
D:6:      layout_rooms, kennysheep_mini_moat, minitemple, lemuel_tele_altar,
          portal_sewer_entry_e, uniq_duvessa
D:7:      layout_rooms, serial_aquarium, aquarium_bridge_square
          [aquarium_subvault_bridge, aquarium_subvault_bridge,
          aquarium_subvault_wall, aquarium_subvault_bridge],
          aquarium_window_corner, aquarium_window_fake,
          aquarium_window_corridor_3, aquarium_view_2d, aquarium_balcony_5b,
          grunt_decor_junction
D:8:      layout_cave_pools, grunt_dithmenos_smoke_and_mirrors,
          erik_lair_orcish_takeover
Temple:   eino_temple_scatter_basement

Skill      XL: |  1  2  3  4  5  6  7  8  9 10 |
---------------+-------------------------------+-----
Stealth        | 2 3 4 |  4.0
Spellcasting   | 3 4 5 6 |  6.6
Dodging        | 3 4 5 6 |  6.6
Armour         | 1 2 3 4 5 |  5.2
Short Blades   | 1 2 |  2.4
Invocations    | 2 3 4 |  4.1
Polearms       | 1 3 4 |  4.0

Action                   |  1- 3 |  4- 6 |  7- 9 | 10-12 || total
-------------------------+-------+-------+-------+-------++-------
Melee: Dagger            |   109 |   144 |   105 |       ||   358
       Short sword       |     9 |    26 |       |       ||    35
       Quarterstaff      |       |       |     7 |       ||     7
       Spear             |       |       |   233 |    53 ||   286
 Fire: Hunting sling     |       |     5 |    37 |       ||    42
Throw: Stone             |       |     1 |     5 |       ||     6
 Cast: Magic Dart        |    43 |    36 |    50 |    15 ||   144
       Mephitic Cloud    |       |     3 |    10 |     3 ||    16
       Blink             |       |       |    14 |       ||    14
       Conjure Flame     |       |       |     8 |       ||     8
Invok: Lesser Healing    |       |       |     2 |       ||     2
Evoke: Wand              |       |       |     5 |       ||     5
  Use: Scroll            |       |       |     3 |       ||     3
 Stab: Sleeping          |     2 |     1 |     9 |       ||    12
       Confused          |       |     3 |     5 |     3 ||    11
       Distracted        |       |       |     1 |       ||     1
Armor: Robe              |    24 |    29 |    87 |    11 ||   151
       Ring mail         |    17 |       |       |       ||    17
Dodge: Dodged            |    85 |    83 |   235 |    29 ||   432

Table legend: (Time is in decaauts)
 A = Elapsed time spent in this place.
 B = Non-inter-level travel time spent in this place.
 C = Inter-level travel time spent in this place.
 D = Time resting spent in this place.
 E = Time spent auto-exploring this place.
 F = Levels seen in this place.
 G = Mean time per level.
                   A        B        C        D        E       F      G
               +--------+--------+--------+--------+--------+-----+--------+
         Total |  12233 |  11592 |    641 |   3793 |   4532 |  10 | 1223.3 |
       Dungeon |  11348 |  10748 |    600 |   3651 |   4094 |   8 | 1418.5 |
        Temple |    232 |    191 |     41 |      0 |    170 |   1 |  232.0 |
         Sewer |    652 |    652 |      0 |    142 |    268 |   1 |  652.0 |
               +--------+--------+--------+--------+--------+-----+--------+

Top non-repeatable levels by time:
     D:2: 3091 daAuts
     D:1: 1972 daAuts
     D:3: 1439 daAuts
     D:7: 1323 daAuts
     D:6: 1205 daAuts
     D:4: 1097 daAuts
     D:5: 824 daAuts
   Sewer: 652 daAuts
     D:8: 394 daAuts
  Temple: 232 daAuts
